 Dungeon Crawl Stone Soup version 0.32-a0-791-gfc315c9ecd (webtiles) character file.

Game seed: 1452180541476644051

452 EC1 the Covered (level 7, -1/44 HPs)
             Began as a Gargoyle Fighter on Feb 20, 2024.
             Was a Plaything of Xom.
             Incinerated by a bombardier beetle (4 damage)
             ... with a burning spray
             ... on level 4 of the Dungeon on Mar 20, 2024.
             The game lasted 00:09:07 (3138 turns).

EC1 the Covered (Gargoyle Fighter)                  Turns: 3138, Time: 00:09:08

Health: -1/44      AC: 12    Str: 21    XL:     7   Next: 5%
Magic:  7/7        EV:  8    Int: 15    God:    Xom [..*...]
Gold:   161        SH:  5    Dex:  9    Spells: 6/6 levels left

rFire   . . .        k - +1 hammer
rCold   . . .        c - +1 buckler
rNeg    + . .        b - +0 scale mail
rPois   ∞            (no helmet)
rElec   +            (no cloak)
rCorr   .            (no gloves)
SInv    .            (no boots)
Will    .....        (no amulet) Stlth
                     q - +6 ring of intelligence
HPRegen 0.27/turn    (no ring)
MPRegen 0.10/turn

%: no passive effects
@: brilliant, on fire, attractive, glowing
A: sickness immunity, AC +4, negative energy resistance 1, electricity
resistance, torment resistance 1, petrification resistance
a: Renounce Religion


You were on level 4 of the Dungeon.
You worshipped Xom.
You were a toy of Xom.
You visited 1 branch of the dungeon, and saw 4 of its levels.

You collected 161 gold pieces.

Inventory:

Hand Weapons
 a - a +0 flail
 g - a +0 dagger of chaos
 k - a +1 hammer (weapon)
 l - a +4 quarterstaff of chaos
Armour
 b - a +0 scale mail (worn)
 c - a +1 buckler (worn)
 m - a +0 cloak
Jewellery
 q - a +6 ring of intelligence (left hand)
Wands
 p - a wand of light (2) (quivered)
Scrolls
 e - a scroll of enchant armour
 f - a scroll of identify
 r - a scroll of teleportation {unknown}
 s - a scroll of immolation {unknown}
 u - a scroll of enchant weapon
Potions
 d - a potion of enlightenment {unknown}
 h - a potion of ambrosia {unknown}
 i - 2 potions of mutation
 j - a potion of attraction {unknown}
 n - 2 potions of curing {unknown}
 o - 2 potions of heal wounds {unknown}
 t - 2 potions of haste {unknown}


   Skills:
 + Level 4.8 Fighting
 + Level 4.5 Maces & Flails
 + Level 4.8 Armour
 + Level 1.1 Dodging
 + Level 0.1 Stealth
 + Level 4.4 Shields
 + Level 0.1 Evocations


You had 6 spell levels left.
You didn't know any spells.
Your spell library contained the following spells:

 Spells                   Type           Power      Damage    Failure   Level
 Magic Dart               Conj           0%         1d3       65%         1
 Blink                    Tloc           0%         N/A       78%         2
 Lesser Beckoning         Tloc           0%         N/A       78%         2
 Momentum Strike          Conj/Tloc      0%         3d8       78%         2
 Searing Ray              Conj           0%         2d4       78%         2
 Fulminant Prism          Conj/Alch      0%         3d5       100%        4


Dungeon Overview and Level Annotations

Branches:
Dungeon (4/15)
 Temple: D:4-7

Altars:
Makhleb
Xom


Innate Abilities, Weirdness & Mutations

You are immune to sickness and miasma.
Your stone body is resilient. (AC +4)
You are immune to poison.
You resist negative energy. (rN+)
You are resistant to electric shocks. (rElec)
You are resistant to unholy torment.
You are immune to petrification.


Message History

You are on fire!
You are too injured to fight recklessly!
You are on fire!
You are too injured to fight recklessly!
You are on fire!
You are too injured to fight recklessly!
You are on fire!
You are too injured to fight recklessly!
You are on fire!
You are on fire!
You are too injured to fight recklessly!
You are on fire!
You are too injured to fight recklessly!
You are on fire!
You are too injured to fight recklessly!
You are on fire!
You are too injured to fight recklessly!
You are on fire!
You are too injured to fight recklessly!
Okay, then.
Okay, then.
You hit the bombardier beetle.
The bombardier beetle is severely wounded.
The liquid fire burns you!
The bombardier beetle sprays incendiary fluid at you.
The burning spray hits you.
You are even more covered in liquid fire!
You hit the bombardier beetle.
The bombardier beetle is almost dead.
The liquid fire burns you!
* * * LOW HITPOINT WARNING * * *
You hit the bombardier beetle.
You kill the bombardier beetle!
The liquid fire burns you!
* * * LOW HITPOINT WARNING * * *
You have reached level 7!
You shake off some of the fire as you move.
The liquid fire burns you!
You die... "I guess I need a new plaything now."

#..............
..
######.######.#
.# #.# #.# ..# #
#.# ##.##..#..
#.#####.........
#...............
#.#####......##
#.#####..##....
#..(..#@$......#
#........#.....#
#.###.#..#.....#
### #.#..# .#..#
#.......# .#
####.#### # #..
###


There were no monsters in sight!

Vanquished Creatures
  A water moccasin (D:4)
  A phantom (D:4)
  A crimson imp (D:3)
  A bombardier beetle (D:4)
  Crazy Yiuf (D:2)
  Terence (D:2)
  An iguana (D:3)
  Robin (D:4)
  4 adders
  3 ribbon worms (D:2)
  A dart slug (D:3)
  2 bats (D:3)
  4 endoplasms
  4 giant cockroaches
  11 goblins
  6 hobgoblins
  3 jackals (D:3)
  2 kobolds
  3 quokkas
  4 ball pythons
  A frilled lizard (D:3)
  A rat (D:2)
57 creatures vanquished.

Notes
Turn   | Place    | Note
-------+----------+-------------------------------------------
     0 | D:1      | EC1 the Gargoyle Fighter began the quest for the Orb.
     0 | D:1      | Reached XP level 1. HP: 14/14 MP: 1/1
   192 | D:1      | You fall into a shaft and drop 1 floor!
   230 | D:2      | Reached XP level 2. HP: 15/19 MP: 2/2
   231 | D:2      | Noticed Terence
   257 | D:2      | Killed Terence
   258 | D:2      | Reached XP level 3. HP: 6/24 MP: 3/3
   524 | D:2      | Reached XP level 4. HP: 27/29 MP: 4/4
   680 | D:2      | Found a runed translucent door.
   681 | D:2      | Noticed Crazy Yiuf
  1070 | D:2      | Killed Crazy Yiuf
  1849 | D:2      | Upgraded the game from 0.32-a0-401-g0bcb2a7693 to
                  | 0.32-a0-791-gfc315c9ecd
  2008 | D:3      | Reached XP level 5. HP: 33/33 MP: 5/5
  2119 | D:3      | Found a faded altar of an unknown god.
  2561 | D:3      | Found a shimmering altar of Xom.
  2561 | D:3      | Found a burning altar of Makhleb.
  2582 | D:3      | Paralysed by a crimson imp for 1 turns
  2621 | D:3      | Became a worshipper of Xom of Enforced Whimsey
  2629 | D:4      | Noticed a water moccasin
  2644 | D:4      | Killed a water moccasin
  2645 | D:4      | Reached skill level 1 in Dodging
  2645 | D:4      | Reached XP level 6. HP: 19/39 MP: 6/6
  2854 | D:4      | Noticed Robin
  2861 | D:4      | XOM: potion effect (brilliance)
  2891 | D:4      | Killed Robin
  3130 | D:4      | XOM: potion effect (attraction)
  3134 | D:4      | XOM: potion effect (brilliance)
  3138 | D:4      | Reached XP level 7. HP: 3/44 MP: 7/7
  3138 | D:4      | Incinerated by a bombardier beetle

Illustrated notes

Levels and vault maps discovered:
D:1:      wander_arrival_estate, layout_loops_ring
D:2:      layout_loops_ring, serial_bayou_pond_e, uniq_crazy_yiuf_cottage,
          uniq_terence
D:3:      layout_loops_ring, grunt_temple_overflow_champion_of_chaos,
          cheibrodos_sewer_entry_drain, shapermc_ecumenical_altar_totnotflames
D:4:      layout_basic, serial_shops, shop, nrook_mini_vaults, uniq_robin

Skill      XL: |  1  2  3  4  5  6 |
---------------+-------------------+-----
Fighting       | 4 |  4.8
Shields        | 4 |  4.4
Armour         | 4 |  4.8
Maces & Flails | 3 4 |  4.5
Dodging        | 1 |  1.1
Stealth        | |  0.1
Evocations     | |  0.1

Action                     |  1- 3 |  4- 6 |  7- 9 || total
---------------------------+-------+-------+-------++-------
  Melee: Flail             |    63 |   113 |       ||   176
         Unarmed           |       |     2 |       ||     2
         Mace              |       |    64 |       ||    64
  Evoke: Wand              |       |     2 |       ||     2
    Use: Potion            |     1 |       |       ||     1
         Scroll            |       |     5 |       ||     5
 Armour: Scale mail        |    54 |   127 |       ||   181
         Skin              |       |     1 |       ||     1
  Dodge: Dodged            |    31 |    78 |       ||   109
  Block: Buckler           |    14 |    58 |       ||    72

Table legend: (Time is in decaauts)
 A = Elapsed time spent in this place.
 B = Non-inter-level travel time spent in this place.
 C = Inter-level travel time spent in this place.
 D = Time resting spent in this place.
 E = Time spent auto-exploring this place.
 F = Levels seen in this place.
 G = Mean time per level.
                   A        B        C        D        E       F      G
               +--------+--------+--------+--------+--------+-----+--------+
         Total |   3210 |   3019 |    191 |    146 |   1650 |   4 |  802.5 |
       Dungeon |   3210 |   3019 |    191 |    146 |   1650 |   4 |  802.5 |
               +--------+--------+--------+--------+--------+-----+--------+

Top non-repeatable levels by time:
     D:2: 1690 daAuts
     D:3: 802 daAuts
     D:4: 523 daAuts
     D:1: 194 daAuts
